 Dungeon Crawl Stone Soup version 0.28.0-62-gf88900778d (webtiles) character file.

Game seed: 10852510857998332092

1267 Coron the Covered (level 8, -1/76 HPs)
             Began as a Deep Dwarf Wanderer on Mar 26, 2023.
             Was a Priest of Trog.
             Hit by a large rock thrown by a cyclops (22 damage)
             ... on level 6 of the Dungeon.
             The game lasted 00:24:35 (5274 turns).

Coron the Covered (Deep Dwarf Wanderer)             Turns: 5274, Time: 00:24:36

Health: -1/76      AC: 17    Str: 18    XL:     8   Next: 28%
Magic:  9/9        EV:  7    Int: 12    God:    Trog [***...]
Gold:   171        SH:  0    Dex: 13    Spells: 14/14 levels left

rFire   . . .      SeeInvis .   l - +0 scythe
rCold   + + .      Faith    .   (shield currently unavailable)
rNeg    . . .      Spirit   .   q - +1 chain mail {rC+}
rPois   +          Reflect  .   B - +2 helmet
rElec   .          Harm     .   v - +1 cloak {rPois}
rCorr   .          Rampage  .   (no gloves)
Will    +....                   A - +0 pair of boots {Stlth+}
Stlth   ..........              (no amulet)
HPRegen 0.00/turn               C - ring of protection from cold
MPRegen 0.11/turn               (no ring)

@: no status effects
A: damage resistance, heal wounds, sense surroundings 1, no regeneration
a: Heal Wounds, Renounce Religion, Berserk, Trog's Hand


You were on level 6 of the Dungeon.
You worshipped Trog.
Trog was most pleased with you.
You visited 1 branch of the dungeon, and saw 6 of its levels.

You collected 507 gold pieces.
You spent 336 gold pieces at shops.

Inventory:

Hand Weapons
 a - a +0 hunting sling
 e - a +0 dagger
 l - a +0 scythe (weapon)
Missiles
 b - 55 sling bullets
 d - 6 poisoned darts
 f - 233 stones (quivered)
 t - 4 datura-tipped darts
Armour
 n - a +0 plate armour
 q - a +1 chain mail of cold resistance (worn)
 v - a +1 cloak of poison resistance (worn)
 A - a +0 pair of boots of stealth (worn)
 B - a +2 helmet (worn)
Jewellery
 C - a ring of protection from cold (left hand)
Wands
 m - a wand of mindburst (14)
 E - a wand of charming (11)
Scrolls
 g - 2 scrolls of teleportation
 p - a scroll of holy word {unknown}
 w - a scroll of fear {unknown}
 x - a scroll of enchant armour {unknown}
 y - a scroll of vulnerability {unknown}
 z - a scroll of enchant weapon {unknown}
Potions
 h - 2 potions of haste
 i - a potion of resistance
 j - a potion of mutation {unknown}
 k - 2 potions of curing
 o - a potion of ambrosia {unknown}
 r - a potion of degeneration {unknown}
 s - 2 potions of flight
 u - a potion of attraction {unknown}
 D - a potion of brilliance {unknown}
Miscellaneous
 c - a piece from Xom's chessboard (15/15)


   Skills:
 + Level 5.8 Fighting
 - Level 4.0 Polearms
 - Level 1.1 Slings
 - Level 6.0 Armour
 - Level 1.1 Dodging
 - Level 3.6 Spellcasting
 - Level 1.2 Invocations
 - Level 4.0 Evocations


You had 14 spell levels left.
You didn't know any spells.
Your spell library contained the following spells:

 Spells                   Type           Power      Damage    Failure   Level
 Apportation              Tloc           4%         N/A       95%         1
 Foxfire                  Conj/Fire      8%         2x1d4     95%         1
 Confusing Touch          Hex            2%         N/A       100%        3
 Mephitic Cloud           Conj/Pois/Air  2%         N/A       100%        3


Dungeon Overview and Level Annotations

Branches:
Dungeon (6/15)             Temple (0/1) D:6

Altars:
Cheibriados
Dithmenos
Fedhas
Hepliaklqana
Sif Muna
Trog
Uskayaw
Vehumet

Shops:
D:1 [   D:3 :

Annotations:
D:3 2 transporters, sigtrap's ghost, amateur GnBe
D:4 Edmund


Innate Abilities, Weirdness & Mutations

You are resistant to damage.
You can heal yourself by infusing magical energy.
You passively map a small area around you.
You do not regenerate.


Message History

The orc closely misses you. The orc hits you with a +0 flail.
You closely miss the orc.
The orc is almost dead.
The orc hits you but does no damage. The orc barely misses you.
You closely miss the orc.
The orc is almost dead.
The orc barely misses you.
You barely miss the orc.
The orc is almost dead.
The orc closely misses you. The orc hits you but does no damage.
You closely miss the orc.
The orc is almost dead.
The orc barely misses you. The orc hits you but does no damage.
You closely miss the orc.
The orc is almost dead.
The orc hits you but does no damage. The orc barely misses you.
You slash the orc!
You kill the orc!
Trog accepts your kill.
Items here: ))))) [[[ ††.
Found a golden potion.
Found a rapier.
You now have enough gold to buy a scarf of repulsion on D:1.
You can access your shopping list by pressing '$'.
You now have 146 gold pieces (gained 10).
Found a ring mail.
You now have 157 gold pieces (gained 11).
Found 14 gold pieces.
Okay, then.
Found a curved gold wand.
D - a golden potion You see here a +0 ring mail.
You now have 171 gold pieces (gained 14).
E - a wand of charming (11)
A cyclops comes into view.
Found a war axe.
Found a shimmering blue altar of Sif Muna.
The cyclops shouts!
The cyclops throws a large rock.
The large rock hits you!!
You die...

....###)# ........#####
....#.......##########
.< #................# *
#................# #
,#................# ##.
#................# #..8
#.......<[.......# #..._
+..@.............#
#..8..#.....^..........#
#....C..#..............#
#.###)#.#..###.........#
,...#.#..# #..[......#
#.## #.#..# #.........#
).,, ..#### ###########
# ... * * * ### * ,


You could see a cyclops.

Vanquished Creatures
  Sigmund (D:2)
  A water moccasin (D:6)
  A necrophage (D:6)
  An ogre (D:4)
  A centaur (D:6)
  A water moccasin zombie (D:6)
  A water moccasin skeleton (D:4)
  A bullfrog zombie (D:3)
  Crazy Yiuf (D:4)
  A hound (D:5)
  4 orc priests
  2 iguanas
  6 orc wizards (D:6)
  3 gnolls (D:3)
  6 adders
  3 white imps
  An ufetubus (D:4)
  3 worms
  A dart slug (D:4)
  19 orcs
  A ball python (D:1)
  7 bats
  5 endoplasms
  3 giant cockroaches
  6 goblins
  6 hobgoblins
  3 quokkas (D:1)
  2 frilled lizards
  5 kobolds
  6 rats
102 creatures vanquished.

Vanquished Creatures (others)
  An orc wizard (D:6)
  6 plants
  3 withered plants (D:1)
10 creatures vanquished.

Grand Total: 112 creatures vanquished

Notes
Turn   | Place    | Note
-------+----------+-------------------------------------------
     0 | D:1      | Coron the Deep Dwarf Wanderer began the quest for the Orb.
     0 | D:1      | Coron set off with the following items: a +0 hunting sling,
                  | 20 sling bullets, a piece from Xom's chessboard (15/15), a
                  | +0 leather armour; and the following spells available to
                  | memorise: Apportation, Foxfire, Confusing Touch, Mephitic
                  | Cloud
     0 | D:1      | Reached XP level 1. HP: 15/15 MP: 5/5
   108 | D:1      | Found Ottye's Armour Boutique.
   110 | D:1      | Reached skill level 1 in Armour
   140 | D:1      | Reached XP level 2. HP: 20/22 MP: 6/6
   310 | D:1      | Reached skill level 2 in Armour
   348 | D:1      | Found a faded altar of an unknown god.
   374 | D:1      | Prayed at the altar of an unknown god.
   374 | D:1      | Became a worshipper of Trog the Wrathful
   374 | D:1      | Reached * piety under Trog
  1111 | D:2      | Reached skill level 1 in Fighting
  1265 | D:2      | Reached XP level 3. HP: 20/31 MP: 8/8
  1413 | D:2      | Noticed Sigmund
  1434 | D:2      | Killed Sigmund
  1435 | D:2      | Reached skill level 4 in Armour
  1435 | D:2      | Reached XP level 4. HP: 16/42 MP: 9/9
  1435 | D:2      | Reached XP level 5. HP: 19/49 MP: 10/10
  2028 | D:3      | Reached ** piety under Trog
  2049 | D:3      | Found Faplepnemp's Book Shop.
  2060 | D:3      | Reached XP level 6. HP: 47/57 MP: 10/10
  2203 | D:3      | Found a transporter.
  2216 | D:3      | Noticed sigtrap's ghost (amateur GnBe)
  2259 | D:3      | Found a transporter.
  2666 | D:1      | Bought a +1 chain mail of cold resistance for 198 gold
                  | pieces
  2849 | D:4      | Found a hide-covered altar of Uskayaw.
  3058 | D:4      | Reached skill level 1 in Polearms
  3080 | D:4      | Noticed Edmund
  3162 | D:4      | Found a runed translucent door.
  3163 | D:4      | Noticed Crazy Yiuf
  3178 | D:4      | Killed Crazy Yiuf
  3327 | D:4      | Found a shadowy altar of Dithmenos.
  3328 | D:4      | Found a snail-covered altar of Cheibriados.
  3329 | D:4      | Found a hazy altar of Hepliaklqana.
  3329 | D:4      | Found a blossoming altar of Fedhas.
  3394 | D:4      | Reached skill level 5 in Armour
  3400 | D:4      | Reached XP level 7. HP: 38/64 MP: 10/10
  3710 | D:5      | Entered Level 5 of the Dungeon
  3786 | D:5      | Found a radiant altar of Vehumet.
  4189 | D:1      | Bought a +0 pair of boots of stealth for 138 gold pieces
  4903 | D:6      | Reached skill level 6 in Armour
  4964 | D:6      | Found a staircase to the Ecumenical Temple.
  5015 | D:6      | Reached skill level 5 in Fighting
  5034 | D:6      | Reached *** piety under Trog
  5074 | D:6      | Reached XP level 8. HP: 27/74 MP: 9/9
  5272 | D:6      | Found a shimmering blue altar of Sif Muna.
  5272 | D:6      | Noticed a cyclops
  5274 | D:6      | Hit by a large rock thrown by a cyclops

Illustrated notes

Levels and vault maps discovered:
D:1:      lightli_arrival_lavapool, layout_basic, serial_shops,
          nicolae_shop_advertising_works [nicolae_subvault_shop_adworks],
          shapermc_ecumenical_altar_flowoftime
D:2:      layout_loops_ring, minmay_splitting_lines, uniq_sigmund
D:3:      layout_basic, gammafunk_ghost_arena, serial_shops, shop,
          minmay_diced_spiral
D:4:      layout_rooms, mainiacjoe_overflow_alcove_3, amcnicky_altar_gilded,
          kennysheep_small_spiral, uniq_crazy_yiuf_cottage, uniq_edmund
D:5:      wander_river, layout_gridville, general_overflow_altar
D:6:      layout_basic, okawaru_metal_pillars_3, minmay_temple_entry_overgrown,
          hangedman_feature_mirror, minmay_a_box_with_orc_wizards_in_it

Skill      XL: |  1  2  3  4  5  6  7  8 |
---------------+-------------------------+-----
Armour         | 1 2 4 5 6 |  6.0
Evocations     | 3 4 |  4.0
Fighting       | 1 3 4 5 |  5.8
Polearms       | 2 3 4 |  4.0
Slings         | |  1.1
Dodging        | |  1.1
Spellcasting   | |  3.6
Invocations    | |  1.2

Action                   |  1- 3 |  4- 6 |  7- 9 || total
-------------------------+-------+-------+-------++-------
Melee: Dagger            |   112 |       |       ||   112
       Scythe            |       |   130 |   215 ||   345
 Fire: Hunting sling     |    80 |    29 |    20 ||   129
Throw: Dart              |       |     4 |       ||     4
Invok: Berserk           |     1 |     2 |     2 ||     5
       Trog's Hand       |       |       |     1 ||     1
 Abil: Heal Wounds       |     2 |     5 |     4 ||    11
Evoke: Piece from Xom's  |       |       |     1 ||     1
  Use: Scroll            |       |     3 |     3 ||     6
Armor: Leather armour    |    36 |     1 |       ||    37
       Scale mail        |       |    34 |       ||    34
       Chain mail        |       |    41 |   212 ||   253
Dodge: Dodged            |    55 |    88 |   113 ||   256
